Map: Terrasses de Prion

Players

kRass - Winner!

  • Race: Terran Terran

IA (élite)

  • Race: Zerg Zerg

VOD

Have the link to the VOD?

Description

Time

  • Played on: Dec. 8, 2015, 4:28 p.m.
  • Length: 7:52
Show
View Real Time Build Order
Export as new Build Order

kRass Terran - Winner!

Build Orders: Liberator Opening, Reaper Expand, MMM Bio 

Get SALT Encoding   

  12  0:00  SCV  
  13  0:13  SCV  
  14  0:17  Supply Depot  
  14  0:25  SCV  
  15  0:39  SCV  
  15  0:40  Barracks  
  16  0:44  Refinery  
  16  0:51  SCV  
  17  1:03  SCV  
  18  1:15  SCV  
  19  1:27  Orbital Command  
  19  1:28  Reaper  
  20  1:44  Command Center  
  20  1:54  SCV  
  20  1:58  Supply Depot  
  20  2:01  Barracks Reactor  
  21  2:07  SCV  
  22  2:19  SCV  
  23  2:27  Factory  
  23  2:31  SCV  
  23  2:35  Barracks  
  23  2:36  Refinery  
  24  2:37  Marine x2  
  24  2:43  SCV  
  27  2:56  Orbital Command  
  27  3:02  SCV  
  28  3:13  Barracks Tech Lab, Starport  
  28  3:16  Hellion x2  
  32  3:21  SCV  
  32  3:24  Marine  
  34  3:30  SCV  
  34  3:32  Marine  
  34  3:33  Stimpack  
  36  3:40  Hellion x2  
  40  3:42  SCV  
  40  3:47  Marine  
  42  3:55  Marine  
  42  3:56  Armory  
  42  3:58  Liberator  
  42  4:01  Hellion  
  45  4:07  SCV x2, Hellion  
  45  4:08  Marine  
  50  4:11  Supply Depot  
  53  4:21  Marine  
  54  4:33  Hellion x2  
  54  4:35  Marine  
  54  4:36  Supply Depot  
  59  4:41  Liberator  
  59  4:43  Marine  
  59  4:45  Barracks  
  60  4:48  SCV x2  
  65  5:00  SCV x2  
  65  5:01  Barracks Reactor  
  67  5:07  Engineering Bay  
  67  5:14  Marine  
  67  5:18  SCV x2  
  70  5:24  Supply Depot  
  70  5:33  Terran Infantry Weapons Level 1, Combat Shields  
  70  5:40  Barracks Reactor, Refinery  
  70  5:41  Refinery  
  70  5:45  SCV x2, Marine x3  
  75  6:03  Marine x3  
  77  6:19  Supply Depot  
  77  6:21  Marine  
  77  6:23  Command Center, Starport Reactor  
  78  6:30  Barracks  
  78  6:32  Barracks  
  78  6:33  Barracks  
  78  6:41  Marine x5  
  78  6:45  Supply Depot  
  83  6:54  Concussive Shells  
  83  6:58  Hellion x2  
  83  6:59  Marine  
  94  7:02  Medivac x2  
Show
View Real Time Build Order
Export as new Build Order

IA (élite) Zerg 

Build Orders: Pool First 

Get SALT Encoding   

  12  0:00  Drone  
  13  0:12  Overlord  
  13  0:17  Drone  
  14  0:30  Drone x2  
  16  0:43  Spawning Pool  
  16  0:45  Drone  
  16  0:49  Drone  
  17  1:12  Hatchery  
  17  1:14  Drone  
  17  1:16  Extractor  
  16  1:19  Drone  
  16  1:22  Drone  
  18  1:27  Drone  
  19  1:38  Overlord  
  19  1:49  Drone, Queen  
  22  1:59  Zergling x2  
  22  2:10  Drone  
  23  2:21  Drone  
  24  2:23  Drone  
  24  2:24  Queen  
  27  2:31  Roach Warren  
  27  2:35  Drone  
  27  2:39  Extractor  
  27  2:40  Zergling x2  
  26  2:45  Drone  
  27  2:53  Overlord  
  27  2:57  Drone  
  28  3:00  Drone  
  28  3:04  Drone  
  30  3:07  Drone  
  30  3:10  Drone  
  32  3:14  Zergling x2  
  32  3:18  Zergling x2  
  34  3:23  Roach  
  34  3:26  Roach  
  38  3:31  Roach  
  40  3:34  Roach  
  40  3:37  Drone  
  43  3:44  Overlord  
  43  3:52  Lair  
  43  3:56  Metabolic Boost  
  43  4:02  Drone x2  
  45  4:05  Drone  
  45  4:07  Drone  
  45  4:09  Drone  
  48  4:11  Drone  
  48  4:13  Drone  
  48  4:16  Drone  
  51  4:21  Overlord  
  51  4:28  Evolution Chamber, Drone  
  51  4:34  Evolution Chamber, Drone  
  51  4:39  Drone x3  
  51  4:43  Drone  
  56  4:45  Drone  
  56  4:47  Drone  
  56  4:48  Drone  
  58  4:54  Drone, Infestation Pit  
  58  4:56  Zerg Missile Weapons Level 1  
  58  4:59  Zerg Ground Armor Level 1  
  58  5:03  Overlord  
  58  5:14  Extractor  
  58  5:16  Drone, Hydralisk Den  
  58  5:18  Drone, Extractor  
  58  5:21  Drone x2, Roach  
  61  5:22  Overlord  
  61  5:24  Drone  
  61  5:26  Drone  
  61  5:27  Drone  
  64  5:29  Drone  
  65  5:40  Overlord, Drone  
  65  5:41  Drone x3, Roach  
  71  5:43  Drone  
  71  5:44  Drone  
  71  5:46  Hydralisk  
  75  5:53  Zergling x2  
  75  5:55  Zergling x2  
  70  6:00  Baneling Nest  
  63  6:04  Overlord  
  63  6:05  Hydralisk  
  63  6:06  Drone, Roach  
  63  6:07  Roach  
  63  6:10  Roach  
  65  6:13  Roach  
  65  6:17  Zergling x2  
  33  6:40  Roach  
  33  6:45  Roach, Baneling  
  33  6:46  Hydralisk, Zergling x2  
  40  6:55  Hydralisk  
  40  6:56  Drone, Baneling  
  43  7:05  Hydralisk  
  45  7:13  Hydralisk  
  45  7:14  Drone  
  39  7:23  Zergling x2  
  39  7:25  Zergling x2  
  39  7:27  Roach  
Tags
 
Add a new tag
Caveats
  • Supply blocks, unpowered buildings, or Contaminate may cause inaccurate times.
  • Supply counts are checked every 10 seconds.